 Dungeon Crawl Stone Soup version 0.32-a0-841-g4648e6c457 (webtiles) character file.

Game seed: 3992226988535668234

1677 jpeg9000 the Covered (level 8, -3/71 HPs)
             Began as a Mountain Dwarf Fighter on Mar 2, 2024.
             Was an Initiate of Gozag.
             Slain by a laughing skull (9 damage)
             ... on level 1 of the Abyss on Mar 27, 2024.
             The game lasted 00:27:59 (6751 turns).

jpeg9000 the Covered (Mountain Dwarf Fighter)       Turns: 6751, Time: 00:28:00

Health: -3/71      AC: 23    Str: 26 (27) XL:     8   Next: 70%
Magic:  8/8        EV:  8    Int:  8 (9)  God:    Gozag
Gold:   335        SH:  4    Dex:  7 (9)  Spells: 7/7 levels left

rFire   . . .        a - +1 war axe (flame)
rCold   . . .        c - +0 buckler
rNeg    . . .        b - +0 scale mail
rPois   .            q - +2 helmet
rElec   .            E - +2 cloak
rCorr   .            g - +0 pair of gloves
SInv    .            n - +2 pair of boots
Will    .....        (no amulet) Stlth
                     e - +4 ring of protection
HPRegen 0.00/turn    v - +6 ring of strength
MPRegen 0.11/turn

%: clarity
@: gold aura, sick, inhibited regen
A: runic magic, artefact enchanting, clarity, sense surroundings 1, inhibited
regeneration
a: Renounce Religion, Potion Petition, Call Merchant, Bribe Branch


You were on level 1 of the Abyss.
You worshipped Gozag.
Gozag was aware of your devotion.
You visited 2 branches of the dungeon, and saw 7 of its levels.
You visited the Abyss 1 time.
You also visited: Ossuary.

You collected 483 gold pieces.
You paid 148 gold pieces to Gozag.

Inventory:

Hand Weapons
 a - a +1 war axe of flaming (weapon)
 i - a +6 club
 m - a +3 flail
 o - a +2 dagger of venom
Missiles
 h - 2 poisoned darts (quivered)
 u - 7 javelins
Armour
 b - a +0 scale mail (worn)
 c - a +0 buckler (worn)
 g - a +0 pair of gloves (worn)
 n - a +2 pair of boots (worn)
 q - a +2 helmet (worn)
 E - a +2 cloak (worn)
Jewellery
 e - a +4 ring of protection (left hand)
 v - a +6 ring of strength (right hand)
 x - a ring of magical power
 y - a ring of see invisible
 N - a +5 ring of evasion
Talismans
 O - a serpent talisman
Wands
 d - a wand of charming (3)
 j - a wand of mindburst (12)
Scrolls
 k - 5 scrolls of amnesia
 r - 2 scrolls of teleportation
 A - a scroll of noise
 L - a scroll of blinking
Potions
 f - 2 potions of haste
 l - 4 potions of ambrosia
 p - 3 potions of mutation
 z - 4 potions of curing
 G - a potion of invisibility
 I - a potion of heal wounds
 P - a potion of might
 R - a potion of resistance


   Skills:
 + Level 6.9 Fighting
 + Level 7.0 Axes
 + Level 7.0 Armour
 + Level 6.9 Shields


You had 7 spell levels left.
You didn't know any spells.
Your spell library contained the following spells:

 Spells                   Type           Power      Damage    Failure   Level
 Freeze                   Ice            0%         1d3       52%         1
 Necrotise                Necr           0%         1d4       52%         1
 Slow                     Hex            0%         N/A       52%         1
 Confusing Touch          Hex            0%         N/A       88%         3
 Frozen Ramparts          Ice            0%         1d1       88%         3
 Hailstorm                Conj/Ice       0%         3d5       88%         3
 Stone Arrow              Conj/Erth      0%         3d7       88%         3
 Vampiric Draining        Necr           0%         2d6       88%         3
 Animate Armour           Summ/Erth      0%         N/A       99%         4
 Martyr's Knell           Necr/Summ      0%         N/A       99%         4
 Curse of Agony           Necr           0%         N/A       100%        5
 Lehudib's Crystal Spear  Conj/Erth      0%         10d2      100%        8


Dungeon Overview and Level Annotations

Branches:
Dungeon (6/15)             Temple (1/1) D:6         Ossuary (visited)

Altars:
Ashenzari
Elyvilon
Fedhas
Gozag
Hepliaklqana
Makhleb
Nemelex Xobeh
Okawaru
Ru
Sif Muna
Trog
Vehumet
Wu Jian
Yredelemnul
Zin
The Shining One

Shops:
D:1 *   D:5 (

Portals:
Abyss: D:6

Annotations:
D:6 1 transporter, dogverified's ghost, novice DrSh


Innate Abilities, Weirdness & Mutations

Your spellcasting is much less encumbered by armour.
You can use scrolls of enchantment on lesser artefacts.
You possess an exceptional clarity of mind.
You passively map a small area around you.
You do not regenerate when monsters are visible.


Message History

The ancient zyme is heavily damaged.
You hear a hideous shriek!
The laughing skull gibbers with scorn.
The bolt of negative energy hits you!
You feel drained.
The ancient zyme hits you but does no damage.
The ancient zyme barely misses you.
You feel ill.
You slash the ancient zyme! You burn the ancient zyme.
The ancient zyme is severely damaged.
The ancient zyme hits you but does no damage. x2
You hit the ancient zyme. You burn the ancient zyme.
The ancient zyme is almost destroyed.
The ancient zyme hits you! The ancient zyme completely misses you.
You barely miss the ancient zyme.
The ancient zyme is almost destroyed.
The ancient zyme hits you. The ancient zyme barely misses you.
A laughing skull comes into view.
The laughing skull headbutts you.
You hit the ancient zyme. You burn the ancient zyme.
The ancient zyme is almost destroyed.
You barely miss the laughing skull. The laughing skull headbutts you.
The ancient zyme hits you but does no damage. x2
The laughing skull barely misses you.
You hit the ancient zyme. You burn the ancient zyme.
You destroy the ancient zyme!
You miss the laughing skull. The laughing skull headbutts you.
The laughing skull lets out a vicious peal of laugher.
The bolt of negative energy hits you!!
You feel drained.
* * * LOW HITPOINT WARNING * * *
You feel your strength returning.
You feel your intelligence returning.
Your life force feels restored.
Your Axes skill increases to level 7!
Your Armour skill increases to level 7!
You block the laughing skull's attack.
You see here 3 gold pieces.
You miss the laughing skull. You closely miss the laughing skull.
The laughing skull headbutts you.
* * * LOW HITPOINT WARNING * * *
The laughing skull headbutts you!
You die...
The laughing skull crumbles to pieces from sheer joy.
Your body crumbles into a pile of gold.

## ...###. #
#... . . . .#.
#.. . ..
###.#. ##..
.#...
#.##.#.#.###
####.... .# .
.
#.#.####.....#
. ..# #..#.
#..##..#.#..#
# ..### .#
.##..z#......
..#.#.
#.##.#.@.#.
.#... ##
#..#.z.##
...##.
#..#..#....#
.... .ยง ##
... ...#...
### #.#.
#.....# # #
.#.. .##.#.
.#. . .# ## ##
..# #. # .# ..


You could see 2 laughing skulls.

Vanquished Creatures
  An ancient zyme (Abyss:1)
  Grinder (D:3)
  Eustachio (D:4)
  Menkaure (D:4)
  A sky beast (D:6)
  A gnoll sergeant (D:5)
  2 scorpions (D:5)
  A jelly (D:4)
  3 orc priests
  A bombardier beetle (D:3)
  Crazy Yiuf (D:4)
  Terence (D:3)
  Ijyb (D:3)
  Natasha (twice) (D:3)
  3 orc wizards
  8 mummies (Ossuary)
  Robin (D:4)
  7 adders
  6 gnolls
  A shadow imp (D:6)
  4 ufetubi (D:5)
  3 dart slugs
  2 ribbon worms
  12 orcs
  4 bats
  5 endoplasms
  4 giant cockroaches
  13 goblins
  10 hobgoblins
  7 jackals
  5 kobolds
  6 quokkas
  5 ball pythons
  5 frilled lizards
  A gnoll zombie (Ossuary)
  A goblin zombie (D:5)
  5 hobgoblin zombies
  A kobold zombie (Ossuary)
  2 orc zombies (Ossuary)
  3 rats
142 creatures vanquished.

Notes
Turn   | Place    | Note
-------+----------+-------------------------------------------
     0 | D:1      | jpeg9000 the Mountain Dwarf Fighter began the quest for the
                  | Orb.
     0 | D:1      | Reached XP level 1. HP: 19/19 MP: 1/1
   164 | D:1      | Found Qoan's Assorted Antiques.
   182 | D:1      | Reached XP level 2. HP: 12/26 MP: 2/2
   818 | D:2      | Found a faded altar of an unknown god.
   915 | D:2      | Found a hazy altar of Hepliaklqana.
  1070 | D:2      | Reached XP level 3. HP: 28/33 MP: 3/3
  1417 | D:2      | Reached XP level 4. HP: 37/40 MP: 4/4
  2218 | D:3      | Gained mutation: You passively map a small area around you.
                  | [potion of mutation]
  2218 | D:3      | Gained mutation: You do not regenerate when monsters are
                  | visible. [potion of mutation]
  2218 | D:3      | Gained mutation: You possess an exceptional clarity of
                  | mind. [potion of mutation]
  2357 | D:3      | Upgraded the game from 0.32-a0-576-g706899e69d to
                  | 0.32-a0-705-g60f233581c
  2392 | D:3      | Noticed Ijyb
  2400 | D:3      | Killed Ijyb
  2436 | D:3      | Reached XP level 5. HP: 33/46 MP: 5/5
  2603 | D:3      | Noticed Grinder
  2611 | D:3      | Paralysed by Grinder for 5 turns
  2627 | D:3      | Killed Grinder
  2628 | D:3      | Reached XP level 6. HP: 7/55 MP: 6/6
  3039 | D:3      | Noticed Natasha
  3044 | D:3      | Killed Natasha
  3045 | D:3      | Reached skill level 5 in Fighting
  3045 | D:3      | Reached skill level 5 in Armour
  3045 | D:3      | Reached skill level 5 in Shields
  3380 | D:3      | Noticed Natasha
  3385 | D:3      | Killed Natasha
  3396 | D:3      | Noticed Terence
  3404 | D:3      | Killed Terence
  3539 | D:4      | Reached XP level 7. HP: 38/61 MP: 7/7
  3546 | D:4      | Reached skill level 5 in Axes
  3591 | D:4      | Noticed Menkaure
  3807 | D:4      | Found a hazy altar of Hepliaklqana.
  4009 | D:4      | Found a sparkling altar of Nemelex Xobeh.
  4243 | D:4      | Killed Menkaure
  4392 | D:4      | Noticed Eustachio
  4410 | D:4      | Killed Eustachio
  4537 | D:4      | Found a glowing golden altar of the Shining One.
  4655 | D:4      | Noticed Robin
  4662 | D:4      | Killed Robin
  4706 | D:4      | Found a runed translucent door.
  4707 | D:4      | Noticed Crazy Yiuf
  4714 | D:4      | Killed Crazy Yiuf
  4788 | D:4      | Upgraded the game from 0.32-a0-705-g60f233581c to
                  | 0.32-a0-841-g4648e6c457
  4820 | D:5      | Entered Level 5 of the Dungeon
  4924 | D:5      | Found a white marble altar of Elyvilon.
  4980 | D:5      | Found a sand-covered staircase.
  4997 | D:5      | Reached XP level 8. HP: 31/70 MP: 8/8
  5023 | Ossuary  | Entered an ossuary
  6018 | D:5      | Found Usuzus's Antique Weapon Boutique.
  6376 | D:6      | Found a staircase to the Ecumenical Temple.
  6415 | Temple   | Entered the Ecumenical Temple
  6479 | Temple   | Became a worshipper of Gozag Ym Sagoz the Greedy
  6533 | D:6      | Found a transporter.
  6580 | D:6      | Found the +8 demon trident "Rift" {distort, reach+}
  6587 | D:6      | Found a one-way gate to the infinite horrors of the Abyss.
  6591 | D:6      | Noticed dogverified's ghost (novice DrSh)
  6632 | D:6      | Found a transporter.
  6669 | Abyss:1  | Cast into level 1 of the Abyss (gnoll sergeant)
  6678 | Abyss:1  | Found a corrupted altar of Lugonu.
  6739 | Abyss:1  | Noticed an ancient zyme
  6749 | Abyss:1  | Killed an ancient zyme
  6751 | Abyss:1  | Slain by a laughing skull

Illustrated notes

Levels and vault maps discovered:
D:1:      amcnicky_arrival_wind_blow, layout_basic, serial_shops, shop
D:2:      layout_loops_corners, dilly_ecumenical_altar_fadedgnrine, basic_altar,
          grunt_decor_fettered
D:3:      layout_basic, uniq_terence, uniq_grinder, uniq_natasha, uniq_ijyb
D:4:      layout_cave_pools, nicolae_tso_carved_into_rock,
          nemelex_dance_club_becter, kennysheep_mini_moat, uniq_menkaure,
          uniq_crazy_yiuf_cottage, uniq_robin, uniq_eustachio
D:5:      layout_loops_ring, mainiacjoe_overflow_six_doors_small,
          enter_ossuary_3, serial_shops, nicolae_lakefront_shop,
          kennysheep_generic_room_14
D:6:      layout_loops_ring, grunt_qazlal_sundering,
          nicolae_dithmenos_through_a_glass_darkly, kennysheep_slug_shrine,
          minmay_temple_entry_waves, gammafunk_ghost_abyssal_escape
Temple:   minmay_temple_bridge_abc
Abyss:1:  base:
D:5

Skill      XL: |  1  2  3  4  5  6  7  8 |
---------------+-------------------------+-----
Axes           | 3 4 6 7 |  7.0
Fighting       | 4 5 6 |  6.9
Armour         | 4 5 6 7 |  7.0
Shields        | 4 5 6 |  6.9

Action                     |  1- 3 |  4- 6 |  7- 9 || total
---------------------------+-------+-------+-------++-------
  Melee: War axe           |   116 |    82 |   203 ||   401
    Use: Scroll            |       |     7 |     9 ||    16
         Potion            |       |     5 |     6 ||    11
 Armour: Scale mail        |   108 |    65 |   222 ||   395
  Dodge: Dodged            |    73 |    39 |   104 ||   216
  Block: Buckler           |    30 |    18 |    59 ||   107

Table legend: (Time is in decaauts)
 A = Elapsed time spent in this place.
 B = Non-inter-level travel time spent in this place.
 C = Inter-level travel time spent in this place.
 D = Time resting spent in this place.
 E = Time spent auto-exploring this place.
 F = Levels seen in this place.
 G = Mean time per level.
                   A        B        C        D        E       F      G
               +--------+--------+--------+--------+--------+-----+--------+
         Total |   6877 |   6701 |    176 |   1236 |   2198 |   9 |  764.1 |
       Dungeon |   6277 |   6101 |    176 |   1072 |   2169 |   6 | 1046.2 |
        Temple |     92 |     92 |      0 |      0 |      0 |   1 |   92.0 |
         Abyss |     82 |     82 |      0 |      0 |     29 |   1 |   82.0 |
       Ossuary |    423 |    423 |      0 |    164 |      0 |   1 |  423.0 |
               +--------+--------+--------+--------+--------+-----+--------+

Top non-repeatable levels by time:
     D:3: 1512 daAuts
     D:2: 1363 daAuts
     D:4: 1352 daAuts
     D:5: 874 daAuts
     D:1: 692 daAuts
     D:6: 482 daAuts
 Ossuary: 423 daAuts
  Temple: 92 daAuts
 Abyss:1: 82 daAuts
